 Dungeon Crawl Stone Soup version 0.27.1-3-gb3d3a73c9e (console) character file.

Game seed: 9592339067830480903

276 om the Cutter (level 6, -8/32 HPs)
             Began as a Kobold Enchanter on Oct 15, 2021.
             Killed by divine providence
             ... invoked by an orc priest
              (12 damage)
             ... on level 3 of the Dungeon.
             The game lasted 00:06:08 (2934 turns).

om the Cutter (Kobold Enchanter)                    Turns: 2934, Time: 00:06:09

Health: -8/32      AC:  6    Str:  6    XL:     6   Next: 50%
Magic:  1/9        EV: 16    Int: 18    God:
Gold:   123        SH:  0    Dex: 15    Spells: 5/9 levels left

rFire    . . .     SeeInvis .   a - +1 dagger
rCold    . . .     Faith    .   (shield restricted)
rNeg     . . .     Spirit   .   k - +2 robe {Will+}
rPois    .         Reflect  .   (no helmet)
rElec    .         Harm     .   p - +1 cloak {Stlth+}
rCorr    +         Rampage  .   (no gloves)
Will     +....                  (no boots)
Stlth    +++++.....             (no amulet)
HPRegen  0.10/turn              e - ring of resist corrosion
MPRegen  0.11/turn              (no ring)

@: no status effects
A: small, no large weapons, nightstalker 3
a: no special abilities


You were on level 3 of the Dungeon.
You visited 1 branch of the dungeon, and saw 3 of its levels.

You collected 123 gold pieces.

Inventory:

Hand Weapons
 a - a +1 dagger (weapon)
Armour
 b - a +0 robe
 k - a +2 robe of willpower (worn)
 p - a +1 cloak of stealth (worn)
Jewellery
 e - a ring of resist corrosion (left hand)
Wands
 o - a wand of polymorph (9)
Scrolls
 c - a scroll of magic mapping
 f - 3 scrolls of immolation
 i - 2 scrolls of amnesia {unknown}
 j - 2 scrolls of blinking {unknown}
 m - a scroll of vulnerability {unknown}
 n - a scroll of noise {unknown}
Potions
 d - a potion of brilliance {unknown}
 h - a potion of attraction {unknown}
 l - a potion of mutation {unknown}


   Skills:
 * Level 6.3 Short Blades
 - Level 4.0 Dodging
 - Level 5.0 Stealth
 + Level 2.3 Spellcasting
 + Level 0.6 Conjurations
 + Level 3.1 Hexes


You had 5 spell levels left.
You knew the following spells:

 Your Spells              Type           Power      Damage    Failure   Level
a - Corona                Hex            14%        N/A       4%          1
b - Ensorcelled Hibernat  Hex/Ice        14%        N/A       14%         2
c - Magic Dart            Conj           16%        1d3       14%         1

Your spell library contained the following spells:

 Spells                   Type           Power      Damage    Failure   Level
 Confusing Touch          Hex            13%        N/A       14%         3
 Tukima's Dance           Hex            13%        N/A       14%         3
 Searing Ray              Conj           8%         3d3       21%         2
 Dazzling Flash           Conj/Hex       16%        N/A       24%         3
 Fulminant Prism          Conj/Hex       4%         3d6       63%         4


Dungeon Overview and Level Annotations

Branches:
Dungeon (3/15)

Altars:
Nemelex Xobeh

Shops:
D:1 [

Annotations:
D:3 1 runed translucent door


Innate Abilities, Weirdness & Mutations

You are small and have problems with some larger weapons.
You are completely attuned to the shadows.


Message History

A frilled lizard comes into view.
The orc priest closely misses you.
Aiming: Ensorcelled Hibernation (safe; 14% risk of failure)
Press: ? - help, Q - select action, (/) - cycle Shift-Dir - straight line, f/p - orc priest
Aim: an orc priest, wielding a +0 short sword and wearing a +0 leather armour (chance to affect: 38%)
You miscast Ensorcelled Hibernation.
You are very lightly contaminated with residual magic.
Nothing appears to happen.
The bat barely misses you.
The orc priest calls down the wrath of Beogh upon you.
Beogh smites you!
* * * LOW HITPOINT WARNING * * *
It was a potion of curing.
You feel better. The bat closely misses you.
The orc priest mumbles some strange prayers to Beogh against you.
Pain shoots through your body!
* * * LOW HITPOINT WARNING * * *
You feel better. The orc priest closely misses you. The bat closely misses you.
The bat hits you but does no damage. The bat misses you.
The orc priest looks braver for a moment.
Aiming: Ensorcelled Hibernation (safe; 14% risk of failure)
Press: ? - help, Q - select action, (/) - cycle Shift-Dir - straight line, f/p - orc priest
Aim: an orc priest, wielding a +0 short sword and wearing a +0 leather armour (chance to affect: 38%)
The orc priest resists with some effort.
The bat hits you but does no damage. The frilled lizard closely misses you.
The bat barely misses you.
Okay, then.
The orc priest looks braver for a moment.
Your magical contamination has completely faded away.
The bat hits you but does no damage.
The orc priest miscasts a cantrip.
The bat barely misses you.
The orc priest calls down the wrath of Beogh upon you.
Pain shoots through your body!
* * * LOW HITPOINT WARNING * * *
The bat barely misses you. The bat barely misses you.
The orc priest mumbles some strange prayers to Beogh against you.
Beogh smites you!
You die...

#...#.........#....
...................
..#.........#.#....
....#.......#.#.#+#
............#.#....
.....##.....#......
..#..##...# ######.
..#####.......# S+.
..............####
##.
........##....#...
...
.......@+.........
.####....lb##........
...........##...##...
#...........##...# ..
'......o....####+# .
..#.............
................
.......>........
.........†......
...)...........
....)...[.....


You could see an orc priest, a bat and a frilled lizard.

Vanquished Creatures
  Sigmund (D:1)
  Crazy Yiuf (D:2)
  Robin (D:2)
  An adder (D:2)
  2 worms (D:2)
  A dart slug (D:3)
  3 orcs (D:3)
  A ball python (D:1)
  2 endoplasms
  5 giant cockroaches
  11 goblins
  9 hobgoblins
  A jackal (D:2)
  3 quokkas
  4 bats
  A frilled lizard (D:2)
  7 kobolds
  2 rats
56 creatures vanquished.

Notes
Turn   | Place    | Note
-------+----------+-------------------------------------------
     0 | D:1      | om the Kobold Enchanter began the quest for the Orb.
     0 | D:1      | Reached XP level 1. HP: 10/10 MP: 3/3
   173 | D:1      | Reached skill level 2 in Short Blades
   173 | D:1      | Reached XP level 2. HP: 15/15 MP: 5/5
   257 | D:1      | Found Luetosh's Antique Armour Shop.
   906 | D:2      | Found a runed translucent door.
   909 | D:2      | Noticed Crazy Yiuf
   990 | D:2      | Reached skill level 3 in Short Blades
   990 | D:2      | Reached XP level 3. HP: 19/19 MP: 6/6
   993 | D:2      | Learned a level 2 spell: Ensorcelled Hibernation
  1140 | D:2      | Found a sparkling altar of Nemelex Xobeh.
  1255 | D:2      | Noticed Sigmund
  1526 | D:1      | Killed Sigmund
  1527 | D:1      | Reached skill level 5 in Short Blades
  1527 | D:1      | Reached skill level 5 in Stealth
  1527 | D:1      | Reached XP level 4. HP: 15/24 MP: 5/7
  1527 | D:1      | Reached XP level 5. HP: 18/28 MP: 5/8
  1527 | D:1      | Reached XP level 6. HP: 20/32 MP: 5/9
  1768 | D:2      | Noticed Robin
  1829 | D:2      | Killed Robin
  1830 | D:2      | Reached skill level 6 in Short Blades
  1991 | D:2      | Found a faded altar of an unknown god.
  2136 | D:2      | Learned a level 1 spell: Magic Dart
  2672 | D:2      | Killed Crazy Yiuf
  2832 | D:3      | Found a runed translucent door.
  2921 | D:3      | HP: 1/32 [orc priest/nerve-wracking pain (11)]
  2934 | D:3      | Killed from afar by an orc priest

Illustrated notes

Levels and vault maps discovered:
D:1:      minmay_arrival_plants_in_alcoves, layout_loops_ring, serial_shops,
          nicolae_shop_waterfront, minivault_11
D:2:      layout_loops_cross, basic_altar, hellmonk_ecumenical_altar_blasted,
          minmay_randomly_rotated_circles, uniq_crazy_yiuf_cottage,
          uniq_sigmund, uniq_robin
D:3:      layout_basic, ebering_ghost_sewer_d, minmay_crystal_water,
          kennysheep_minor_cross, kennysheep_nub, uniq_terence

Skill      XL: |  1  2  3  4  5  6 |
---------------+-------------------+-----
Short Blades   | 2 3 5 6 |  6.3
Dodging        | 3 4 |  4.0
Stealth        | 5 |  5.0
Spellcasting   | |  2.3
Conjurations   | |  0.6
Hexes          | |  3.1

Action                   |  1- 3 |  4- 6 || total
-------------------------+-------+-------++-------
Melee: Dagger            |    53 |    76 ||   129
 Cast: Corona            |     3 |       ||     3
       Ensorcelled Hiber |     4 |    28 ||    32
  Use: Scroll            |     1 |       ||     1
       Potion            |       |     2 ||     2
 Stab: Sleeping          |    17 |    22 ||    39
       Distracted        |       |     1 ||     1
Armor: Robe              |     4 |    16 ||    20
Dodge: Dodged            |    33 |    58 ||    91
